 Dungeon Crawl Stone Soup version 0.28.0-43-g3370ac3207 (webtiles) character file.

Game seed: 9698164843066663864

105 Snix the Skirmisher (level 4, -1/41 HPs)
             Began as a Hill Orc Fighter on Mar 9, 2022.
             Slain by a gnoll
             ... wielding a +0 flail
              (6 damage)
             ... on level 2 of the Dungeon.
             The game lasted 00:04:56 (1744 turns).

Snix the Skirmisher (Hill Orc Fighter)              Turns: 1744, Time: 00:04:57

Health: -1/41      AC: 11    Str: 20    XL:     4   Next: 83%
Magic:  4/4        EV:  9    Int:  8    God:
Gold:   106        SH:  4    Dex: 10    Spells: 3/3 levels left

rFire   . . .      SeeInvis +   a - +0 war axe
rCold   . . .      Faith    .   c - +0 buckler
rNeg    . . .      Spirit   .   b - +0 scale mail
rPois   .          Reflect  .   (no helmet)
rElec   .          Harm     .   (no cloak)
rCorr   .          Rampage  .   (no gloves)
Will    .....                   (no boots)
Stlth   ..........              (no amulet)
HPRegen 0.13/turn               h - ring of see invisible
MPRegen 0.09/turn               m - +4 ring of protection

@: no status effects
A: no striking features
a: no special abilities


You were on level 2 of the Dungeon.
You visited 1 branch of the dungeon, and saw 3 of its levels.

You collected 106 gold pieces.

Inventory:

Hand Weapons
 a - a +0 war axe (weapon)
Missiles
 g - a throwing net (quivered)
Armour
 b - a +0 scale mail (worn)
 c - a +0 buckler (worn)
Jewellery
 h - a ring of see invisible (left hand)
 m - a +4 ring of protection (right hand)
Scrolls
 i - a scroll of identify
 l - a scroll of immolation {unknown}
 n - 2 scrolls of noise
Potions
 d - a potion of might
 e - a potion of curing {unknown}
 f - a potion of magic
 j - a potion of haste {unknown}


   Skills:
 + Level 4.5 Fighting
 + Level 4.0 Axes
 + Level 4.0 Armour
 + Level 4.1 Shields


You had 3 spell levels left.
You didn't know any spells.
Your spell library contained the following spells:

 Spells                   Type           Power      Damage    Failure   Level
 Freeze                   Ice            0%         1d3       85%         1
 Frozen Ramparts          Ice            0%         1d2       99%         3
 Hailstorm                Conj/Ice       0%         3d3       100%        4


Dungeon Overview and Level Annotations

Branches:
Dungeon (3/15)

Altars:


Message History

The gnoll seems to regain its courage.
The gnoll hits you with a +0 club. The gnoll hits you but does no damage.
The gnoll hits you with a +0 club.
You barely miss the gnoll.
The gnoll is heavily wounded.
The gnoll closely misses you. The gnoll hits you but does no damage.
You slash the gnoll!
You kill the gnoll!
The gnoll seems to regain its courage.
The gnoll hits you but does no damage. x2
Your Axes skill increases to level 4!
You block the gnoll's attack.
You see here a +0 club.
You closely miss the gnoll. The gnoll barely misses you.
The gnoll closely misses you.
You hit the gnoll.
The gnoll is lightly wounded.
The gnoll hits you but does no damage.
You closely miss the gnoll.
The gnoll is lightly wounded.
The gnoll hits you with a +0 flail.
The gnoll hits you from afar with a +0 halberd!
* * * LOW HITPOINT WARNING * * *
The gnoll closely misses you.
The gnoll hits you from afar with a +0 halberd!
* * * LOW HITPOINT WARNING * * *
The gnoll closely misses you.
An adder comes into view.
The adder hisses angrily.
The gnoll misses you.
You see here a bat corpse.
There is an escape hatch in the ceiling here.
The adder bites you but does no damage. A mysterious force pulls you upwards.
The hatch slams shut behind you.
You hit the gnoll.
The gnoll is heavily wounded.
The gnoll hits you with a +0 flail.
* * * LOW HITPOINT WARNING * * *
You hit the gnoll.
The gnoll is heavily wounded.
The gnoll hits you with a +0 flail.
You die...

#...#....#.###...###..
##......#....##.....#..
#....#..#..<...........
#...>........#####....#
###............# ##....#
##........#.....####......
###...###...........#####..#
#....................## #..#
#..........@#.........####..
#..........g#.....##...####.
#...........#.....##.....###
####........##.######.......
#........##.######....###
#........##.......##### #
#........########....####
#.[......# ####....#
#........# ####.#


You could see a gnoll.

Vanquished Creatures
  A gnoll (D:3)
  3 adders
  A worm (D:2)
  A dart slug (D:1)
  An orc (D:3)
  6 ball pythons
  4 endoplasms
  A giant cockroach (D:2)
  9 goblins
  4 hobgoblins (D:2)
  2 quokkas
  13 bats
  3 frilled lizards
  4 kobolds
  7 rats
60 creatures vanquished.

Notes
Turn   | Place    | Note
-------+----------+-------------------------------------------
     0 | D:1      | Snix the Hill Orc Fighter began the quest for the Orb.
     0 | D:1      | Reached XP level 1. HP: 19/19 MP: 1/1
   130 | D:1      | Reached XP level 2. HP: 25/27 MP: 2/2
   406 | D:1      | Reached XP level 3. HP: 24/33 MP: 3/3
  1096 | D:2      | Reached XP level 4. HP: 35/40 MP: 4/4
  1642 | D:3      | Found a faded altar of an unknown god.
  1744 | D:2      | Slain by a gnoll

Illustrated notes

Levels and vault maps discovered:
D:1:      dpeg_arrival_tiny_d, layout_rooms
D:2:      minmay_door_path, layout_rooms, serial_glass, glass_columns_a,
          glass_columns_c
D:3:      layout_rooms, mainiacjoe_overflow_tiny_flanked,
          basic_ecumenical_altar, st_stairs_13

Skill      XL: |  1  2  3  4 |
---------------+-------------+-----
Axes           | 3 4 |  4.0
Fighting       | 4 |  4.5
Shields        | 4 |  4.1
Armour         | 4 |  4.0

Action                   |  1- 3 |  4- 6 || total
-------------------------+-------+-------++-------
Melee: War axe           |   105 |    67 ||   172
  Use: Scroll            |       |     3 ||     3
       Potion            |       |     1 ||     1
Armor: Scale mail        |    59 |    42 ||   101
Dodge: Dodged            |    56 |    26 ||    82
Block: Buckler           |    32 |    25 ||    57
